 Dungeon Crawl Stone Soup version 0.23.1 (webtiles) character file.

Game seed: 8429262361572222575

254 Kniotic the Insei (level 5, -4/41 HPs)
             Began as a Demonspawn Monk on Mar 3, 2019.
             Was a Follower of Uskayaw.
             Slain by an iguana (10 damage)
             ... on level 5 of the Dungeon.
             The game lasted 00:04:11 (4108 turns).

Kniotic the Insei (Demonspawn Monk)                 Turns: 4108, Time: 00:04:11

Health: -4/41      AC:  4    Str: 12    XL:     5   Next: 90%
Magic:  5/5        EV: 12    Int: 11    God:    Uskayaw [*.....]
Gold:   91         SH:  0    Dex: 16    Spells: 4/4 levels left

rFire    . . .     SeeInvis .     - Unarmed
rCold    . . .     Gourm    .   (no shield)
rNeg     . . .     Faith    .   a - +0 robe
rPois    .         Spirit   .   (no helmet)
rElec    .         Reflect  .   (no cloak)
rCorr    .         Harm     .   (no gloves)
MR       .....                  (no boots)
Stlth    ++........             (no amulet)
HPRegen  0.13/turn              (no ring)
MPRegen  0.09/turn              (no ring)

@: drained
A: thin metallic scales 1, powered by death 1
a: Stomp, Renounce Religion


You were on level 5 of the Dungeon.
You worshipped Uskayaw.
Uskayaw was noncommittal.
You were not hungry.

You visited 1 branch of the dungeon, and saw 5 of its levels.

You collected 146 gold pieces.
You spent 55 gold pieces at shops.

Inventory:

Armour
 a - a +0 robe (worn)
Wands
 k - a wand of flame (8)
Scrolls
 c - 3 scrolls of fear {unknown}
 d - 2 scrolls of remove curse {unknown}
 e - 3 scrolls of immolation {unknown}
 f - a scroll of enchant armour {unknown}
 g - 6 scrolls of identify
 i - 3 scrolls of teleportation
 l - a scroll of random uselessness {unknown}
 o - 2 scrolls of amnesia {unknown}
Potions
 h - a potion of haste {unknown}
 j - 2 potions of brilliance {unknown}
 m - a potion of flight {unknown}
 n - a potion of mutation {unknown}
 q - a potion of curing {unknown}
Comestibles
 b - 4 rations
 p - a chunk of flesh


   Skills:
 - Level 3.0(1.9) Fighting
 - Level 2.6(1.6) Dodging
 - Level 1.7(0.7) Stealth
 + Level 6.1(4.9) Unarmed Combat


You had 4 spell levels left.
You didn't know any spells.
Your spell library was empty.

Dungeon Overview and Level Annotations

Branches:
Dungeon (5/15)
 Temple: D:4-7

Altars:
Ashenzari
Cheibriados
Dithmenos
Nemelex Xobeh
Qazlal
Ru
Uskayaw
Xom

Shops:
D:5 *

Annotations:
D:4 Pikel
D:5 Menkaure


Innate Abilities, Weirdness & Mutations

You are partially covered in thin metallic scales. (AC +2)
You regenerate a little health from kills.


Message History

You can no longer pass through a line of other dancers.
You hit the iguana but do no damage. The iguana completely misses you.
You completely miss the iguana. The iguana bites you!
* * * LOW HITPOINT WARNING * * *
You hit the iguana.
The iguana is moderately wounded.
The iguana barely misses you.
You closely miss the iguana.
The iguana is moderately wounded.
The iguana bites you but does no damage.
Menkaure mumbles some strange words.
Menkaure seems to speed up.
You hit the iguana but do no damage.
The iguana is moderately wounded.
The iguana misses you.
You see here 9 gold pieces.
You hit Menkaure.
Menkaure is lightly damaged.
Menkaure barely misses you. The iguana bites you!
You die...

#.......# ###.......#
.........# #........#
## ##........# #
..#..M.†....# #.
#.#.........#
#.##.#...#####.#
#.........M@...#
#.........l....# #
#.##.....##.##.# #
#.##.........# # #
#.##.....##..# #
######.###.#..##.....
### #
....##.###.#........#
##.######
###.##...........####
##.#......
#......#########.#
##÷###.####


You could see Menkaure and an iguana.

Vanquished Creatures
  An orc priest (D:3)
  Terence (D:3)
  5 adders
  5 gnolls
  2 oozes
  An adder zombie (D:5)
  2 worms
  A dart slug (D:1)
  4 leopard geckos
  4 orcs
  4 giant cockroaches
  7 goblins
  8 hobgoblins
  12 jackals
  3 ball pythons
  9 bats
  5 frilled lizards
  A kobold (D:1)
  A leopard gecko zombie (D:5)
  5 rats
81 creatures vanquished.

Notes
Turn   | Place    | Note
-------+----------+-------------------------------------------
     0 | D:1      | Kniotic the Demonspawn Monk began the quest for the Orb.
     0 | D:1      | Reached XP level 1. HP: 18/18 MP: 1/1
    36 | D:1      | Reached skill level 3 in Unarmed Combat
    43 | D:1      | Gained mutation: You regenerate a little health from kills.
                  | [demonic ancestry]
    43 | D:1      | Reached XP level 2. HP: 12/24 MP: 2/2
   464 | D:1      | Gained mutation: You are partially covered in thin metallic
                  | scales. (AC +2) [demonic ancestry]
   464 | D:1      | Reached XP level 3. HP: 16/29 MP: 3/3
   625 | D:1      | Reached skill level 4 in Unarmed Combat
  1185 | D:2      | Reached XP level 4. HP: 23/35 MP: 4/4
  1385 | D:2      | Found a shimmering altar of Xom.
  1387 | D:2      | Found an opulent altar of Gozag.
  1387 | D:2      | Found a shadowy altar of Dithmenos.
  1389 | D:2      | Found a shattered altar of Ashenzari.
  1389 | D:2      | Found a snail-covered altar of Cheibriados.
  1389 | D:2      | Found a sacrificial altar of Ru.
  1497 | D:2      | Found a sacrificial altar of Ru.
  1685 | D:3      | Noticed a +0 dagger
  1685 | D:3      | Noticed a +0 hand axe
  1687 | D:3      | Found a sparkling altar of Nemelex Xobeh.
  1687 | D:3      | Found a hide-covered altar of Uskayaw.
  1826 | D:3      | Became a worshipper of Uskayaw the Reveler
  1826 | D:3      | Reached * piety under Uskayaw
  1851 | D:3      | Reached skill level 5 in Unarmed Combat
  1854 | D:3      | Reached ** piety under Uskayaw
  2089 | D:3      | Reached XP level 5. HP: 41/41 MP: 5/5
  2149 | D:3      | Found a stormy altar of Qazlal.
  2469 | D:3      | Reached *** piety under Uskayaw
  2736 | D:3      | Noticed Terence
  2762 | D:3      | Killed Terence
  3458 | D:3      | Reached skill level 6 in Unarmed Combat
  3683 | D:4      | Noticed Pikel
  3683 | D:4      | Noticed a slave
  3683 | D:4      | Noticed a slave
  3683 | D:4      | Noticed a slave
  3683 | D:4      | Noticed a slave
  3710 | D:5      | Entered Level 5 of the Dungeon
  3840 | D:5      | Found Xacotid's General Store.
  3849 | D:5      | Bought a scroll of teleportation for 33 gold pieces
  3849 | D:5      | Bought a scroll of identify for 22 gold pieces
  4089 | D:5      | Noticed Menkaure
  4108 | D:5      | Slain by an iguana

Skill      XL: |  1  2  3  4  5 |
---------------+----------------+-----
Unarmed Combat | 3 4 5 6 |  6.1
Fighting       | |  3.0
Dodging        | |  2.6
Stealth        | |  1.7

Action                   |  1- 3 |  4- 6 || total
-------------------------+-------+-------++-------
Melee: Unarmed           |   145 |   213 ||   358
       Punch             |     2 |     4 ||     6
 Stab: Sleeping          |     3 |     6 ||     9
  Eat: Chunk             |     1 |     6 ||     7
       Ration            |       |     1 ||     1
Armor: Robe              |    51 |    57 ||   108
Dodge: Dodged            |   114 |   163 ||   277
